 Dungeon Crawl Stone Soup version 0.26-a0-976-gd3b5134375 (webtiles) character file.

Game seed: 88396695237012324

123 Gargoyl the Skirmisher (level 5, -4/48 HPs)
             Began as a Gnoll Abyssal Knight on Dec 5, 2020.
             Was a Believer of Lugonu.
             Slain by Crazy Yiuf
             ... wielding a +2 quarterstaff of chaos
              (7 damage)
             ... on level 2 of the Dungeon.
             The game lasted 00:03:12 (2666 turns).

Gargoyl the Skirmisher (Gnoll Abyssal Knight)       Turns: 2666, Time: 00:03:13

Health: -4/48      AC: 11    Str: 15    XL:     5   Next: 7%
Magic:  8/8        EV: 12    Int: 15    God:    Lugonu [**....]
Gold:   218        SH:  0    Dex: 14    Spells: 6/6 levels left

rFire    . . .     SeeInvis .   a - +1 hand axe
rCold    . . .     Faith    .   (no shield)
rNeg     . . .     Spirit   .   e - +1 chain mail
rPois    .         Reflect  .   (no helmet)
rElec    .         Harm     .   g - scarf {shadows}
rCorr    .         Rampage  .   (no gloves)
MR       .....                  (no boots)
Stlth    ..........             k - amulet of regeneration
HPRegen  0.56/turn              (no ring)
MPRegen  0.11/turn              (no ring)

@: agile, slowed, lightly drained, very slow
A: distributed training, fangs 1, rugged brown scales 1, MP-powered wands,
strong nose
a: Depart the Abyss, Bend Space, Renounce Religion


You were on level 2 of the Dungeon.
You worshipped Lugonu.
Lugonu was pleased with you.
You visited 1 branch of the dungeon, and saw 2 of its levels.
You visited the Abyss 1 time.

You collected 218 gold pieces.

Inventory:

Hand Weapons
 a - a +1 hand axe (weapon)
 i - a +0 broad axe
Armour
 e - a +1 chain mail (worn)
 g - a scarf of shadows (worn)
Jewellery
 k - an amulet of regeneration (around neck)
Scrolls
 f - 4 scrolls of remove curse
Potions
 c - a potion of brilliance {unknown}
 d - a potion of curing
 h - a potion of might {unknown}
 j - a potion of invisibility {unknown}


   Skills:
 + Level 6.6(6.4) Fighting
 + Level 1.3(1.1) Short Blades
 + Level 1.3(1.1) Long Blades
 + Level 4.7(4.5) Axes
 + Level 1.3(1.1) Maces & Flails
 + Level 1.3(1.1) Polearms
 + Level 1.3(1.1) Staves
 + Level 1.3(1.1) Slings
 + Level 1.3(1.1) Bows
 + Level 1.3(1.1) Crossbows
 + Level 1.3(1.1) Throwing
 + Level 4.7(4.5) Armour
 + Level 2.9(2.7) Dodging
 + Level 1.3(1.1) Stealth
 + Level 1.3(1.1) Shields
 + Level 1.3(1.1) Unarmed Combat
 + Level 1.3(1.1) Spellcasting
 + Level 1.1(0.9) Conjurations
 + Level 1.1(0.9) Hexes
 + Level 1.1(0.9) Summonings
 + Level 1.1(0.9) Necromancy
 + Level 1.1(0.9) Translocations
 + Level 1.1(0.9) Transmutations
 + Level 1.1(0.9) Fire Magic
 + Level 1.1(0.9) Ice Magic
 + Level 1.1(0.9) Air Magic
 + Level 1.1(0.9) Earth Magic
 + Level 1.1(0.9) Poison Magic
 + Level 4.8(4.5) Invocations
 + Level 1.3(1.1) Evocations


You had 6 spell levels left.
You didn't know any spells.
Your spell library was empty.

Dungeon Overview and Level Annotations

Branches:
Dungeon (2/15)

Altars:
Sif Muna

Annotations:
D:2 Crazy Yiuf


Innate Abilities, Weirdness & Mutations

Your experience applies equally to all skills.
You have very sharp teeth.
Your uncanny sense of smell can sniff out nearby items.
You are partially covered in rugged brown scales. (AC +1, +3% HP)
You expend magic power (3 MP) to strengthen your wands.


Message History

* * * LOW HITPOINT WARNING * * *
You feel yourself slow down.
Crazy Yiuf hits you with a +2 quarterstaff of chaos!
* * * LOW HITPOINT WARNING * * *
You blink.
Crazy Yiuf rages.
Crazy Yiuf hits you with a +2 quarterstaff of chaos!
* * * LOW HITPOINT WARNING * * *
Crazy Yiuf burns you.
* * * LOW HITPOINT WARNING * * *
Crazy Yiuf hits you with a +2 quarterstaff of chaos!
* * * LOW HITPOINT WARNING * * *
Crazy Yiuf burns you.
You turn to flesh and can move again.
You hit Crazy Yiuf.
Crazy Yiuf is almost dead.
Crazy Yiuf hits you but does no damage.
You feel drained. Crazy Yiuf closely misses you.
Crazy Yiuf hits you with a +2 quarterstaff of chaos!
You die...

#.....###.####....#
##### #.#...#
#..###.#### #
#.#######...##.# #
#.# #....#### # #.#
##..## ### # #)####
#....# #.## ##
#.##.# #...## #..##
##. #.#..# ##.##
#...####.. #....#
#@## #.>('.....
#.#..# ##g#
#...####.. #.##.#
#.## #<.## ##.
#.#### ##.# #.## ##
#....# #'# ### ##.
#.##.# ... ##.#
#.##.# #...# ####
#.## #....# #..)#
#..# ##.# ####.#
##### #..# ##.


You could see Crazy Yiuf (berserk).

Vanquished Creatures
  4 adders (D:2)
  2 gnolls (D:1)
  An ooze (D:2)
  3 worms (D:2)
  A dart slug (D:2)
  A giant cockroach (D:2)
  9 hobgoblins
  3 jackals (D:2)
  2 quokkas (D:2)
  5 bats
  7 frilled lizards
  5 goblins
  7 kobolds
  5 rats
55 creatures vanquished.

Vanquished Creatures (others)
  A lurking horror (Abyss:2)
  4 toadstools (D:1)
5 creatures vanquished.

Grand Total: 60 creatures vanquished

Notes
Turn   | Place    | Note
-------+----------+-------------------------------------------
     0 | Abyss:1  | Gargoyl the Gnoll Abyssal Knight began the quest for the
                  | Orb.
     0 | Abyss:1  | Reached XP level 1. HP: 23/23 MP: 3/3
    41 | Abyss:1  | Found a corrupted altar of Lugonu.
   109 | Abyss:2  | Noticed a ynoxinul
   136 | Abyss:3  | Noticed a cacodemon
   136 | Abyss:3  | Noticed an orange demon
   136 | Abyss:3  | Noticed an orange demon
   136 | Abyss:3  | Noticed a sixfirhy
   136 | D:1      | Escaped the Abyss
   342 | D:1      | Reached XP level 2. HP: 23/29 MP: 5/5
   657 | D:1      | Reached * piety under Lugonu
   670 | D:1      | Reached XP level 3. HP: 32/35 MP: 6/6
  1389 | D:2      | Reached skill level 1 in Short Blades
  1389 | D:2      | Reached skill level 1 in Long Blades
  1389 | D:2      | Reached skill level 1 in Maces & Flails
  1389 | D:2      | Reached skill level 1 in Polearms
  1389 | D:2      | Reached skill level 1 in Staves
  1389 | D:2      | Reached skill level 1 in Slings
  1389 | D:2      | Reached skill level 1 in Bows
  1389 | D:2      | Reached skill level 1 in Crossbows
  1389 | D:2      | Reached skill level 1 in Throwing
  1389 | D:2      | Reached skill level 1 in Stealth
  1389 | D:2      | Reached skill level 1 in Shields
  1389 | D:2      | Reached skill level 1 in Unarmed Combat
  1389 | D:2      | Reached skill level 1 in Spellcasting
  1389 | D:2      | Reached skill level 1 in Evocations
  1477 | D:2      | Reached XP level 4. HP: 36/41 MP: 7/7
  1564 | D:2      | Found a shimmering blue altar of Sif Muna.
  1771 | D:2      | Reached ** piety under Lugonu
  1960 | D:2      | Reached skill level 1 in Conjurations
  1960 | D:2      | Reached skill level 1 in Hexes
  1960 | D:2      | Reached skill level 1 in Summonings
  1960 | D:2      | Reached skill level 1 in Necromancy
  1960 | D:2      | Reached skill level 1 in Translocations
  1960 | D:2      | Reached skill level 1 in Transmutations
  1960 | D:2      | Reached skill level 1 in Fire Magic
  1960 | D:2      | Reached skill level 1 in Ice Magic
  1960 | D:2      | Reached skill level 1 in Air Magic
  1960 | D:2      | Reached skill level 1 in Earth Magic
  1960 | D:2      | Reached skill level 1 in Poison Magic
  2314 | D:2      | Found a runed translucent door.
  2315 | D:2      | Noticed Crazy Yiuf
  2382 | D:2      | Reached XP level 5. HP: 40/47 MP: 8/8
  2653 | D:2      | Gained mutation: You expend magic power (3 MP) to
                  | strengthen your wands. [potion of mutation]
  2653 | D:2      | Gained mutation: You are partially covered in rugged brown
                  | scales. (AC +1, +3% HP) [potion of mutation]
  2665 | D:2      | HP: 2/48 [Crazy Yiuf/+2 quarterstaff of chaos (3)]
  2666 | D:2      | Slain by Crazy Yiuf

Illustrated notes

Levels and vault maps discovered:
D:1:      ldierk_water_garden, layout_loops_ring, hangedman_decor_growths
D:2:      layout_loops_corners, lemuel_blue_sif_altar, uniq_crazy_yiuf_cottage

Skill      XL: |  1  2  3  4 |
---------------+-------------+-----
Short Blades   | 1 |  1.3
Long Blades    | 1 |  1.3
Maces & Flails | 1 |  1.3
Polearms       | 1 |  1.3
Staves         | 1 |  1.3
Slings         | 1 |  1.3
Bows           | 1 |  1.3
Crossbows      | 1 |  1.3
Throwing       | 1 |  1.3
Stealth        | 1 |  1.3
Shields        | 1 |  1.3
Unarmed Combat | 1 |  1.3
Spellcasting   | 1 |  1.3
Evocations     | 1 |  1.3
Conjurations   | 1 |  1.1
Hexes          | 1 |  1.1
Summonings     | 1 |  1.1
Necromancy     | 1 |  1.1
Translocations | 1 |  1.1
Transmutations | 1 |  1.1
Fire Magic     | 1 |  1.1
Ice Magic      | 1 |  1.1
Air Magic      | 1 |  1.1
Earth Magic    | 1 |  1.1
Poison Magic   | 1 |  1.1
Fighting       | |  6.6
Axes           | |  4.7
Armour         | |  4.7
Dodging        | |  2.9
Invocations    | |  4.8

Action                   |  1- 3 |  4- 6 || total
-------------------------+-------+-------++-------
Melee: Hand axe          |   101 |   107 ||   208
       Bite              |    10 |    14 ||    24
Invok: Depart the Abyss  |     1 |       ||     1
  Use: Scroll            |     3 |     3 ||     6
       Potion            |     1 |     2 ||     3
Armor: Chain mail        |    53 |    91 ||   144
Dodge: Dodged            |    33 |    42 ||    75

Table legend: (Time is in decaauts)
 A = Elapsed time spent in this place.
 B = Non-inter-level travel time spent in this place.
 C = Inter-level travel time spent in this place.
 D = Time resting spent in this place.
 E = Time spent auto-exploring this place.
 F = Levels seen in this place.
 G = Mean time per level.
                   A        B        C        D        E       F      G
               +--------+--------+--------+--------+--------+-----+--------+
         Total |   2682 |   2658 |     24 |      0 |   2091 |   5 |  536.4 |
       Dungeon |   2547 |   2523 |     24 |      0 |   1992 |   2 | 1273.5 |
         Abyss |    135 |    135 |      0 |      0 |     99 |   3 |   45.0 |
               +--------+--------+--------+--------+--------+-----+--------+

Top non-repeatable levels by time:
     D:2: 1325 daAuts
     D:1: 1222 daAuts
 Abyss:1: 60 daAuts
 Abyss:2: 59 daAuts
 Abyss:3: 15 daAuts
